Workbook
Name AccessSort: #REF!
Name AMEC_ENGINEERING: '[1]OIL SYST DATA SHTS'!#REF!
Name B_OK_Click: [2]!B_OK_Click
Name B_OK_Click: [2]!B_OK_Click
Name B_OK_Click: [2]!B_OK_Click
Name BLUELETTERS: #REF!,#REF!,#REF!,#REF!,#REF!,#REF!
Name CreateRangeName: [3]!CreateRangeName
Name CreateRangeName: [3]!CreateRangeName
Name CreateRangeName: [3]!CreateRangeName
Name CURRENT_UNIT: #REF!
Name DatatoExport: #REF!
Name DatatoExporttoAccess: #REF!
Name DropDown18_Change: [3]!DropDown18_Change
Name DropDown18_Change: [3]!DropDown18_Change
Name DropDown18_Change: [3]!DropDown18_Change
Name feeder: [4]Data!$J$12:$L$13
Name GDSTPPROCESSINSTRUMENTLIST: #REF!
Name heat: [4]Data!$J$6:$L$6
Name INSTR: #REF!
Name jeClientName: [5]Cover!$E$12
Name jeClientNumber: [6]Cover!$E$19
Name jeNumber: [6]Cover!$E$18
Name jeProjectLocation: [6]Cover!$E$14
Name jeProjectName: [5]Cover!$E$13
Name jeProjectNumber: [6]Cover!$E$15
Name jeTitle1: [6]Cover!$E$6
Name jeTitle2: [6]Cover!$E$7
Name jeTitle3: [6]Cover!$E$8
Name jeTitle4: [6]Cover!$E$9
Name jeTitle5: [6]Cover!$E$10
Name light: [4]Data!$J$10:$L$10
Name ListBox13_Change: [3]!ListBox13_Change
Name ListBox13_Change: [3]!ListBox13_Change
Name ListBox13_Change: [3]!ListBox13_Change
Name motor2: [4]Data!$A$5:$C$34
Name motor4: [4]Data!$E$5:$G$34
Name OptionButton20_Click: [3]!OptionButton20_Click
Name OptionButton20_Click: [3]!OptionButton20_Click
Name OptionButton20_Click: [3]!OptionButton20_Click
Name OptionButton21_Click: [3]!OptionButton21_Click
Name OptionButton21_Click: [3]!OptionButton21_Click
Name OptionButton21_Click: [3]!OptionButton21_Click
Name OptionButton23_Click: [3]!OptionButton23_Click
Name OptionButton23_Click: [3]!OptionButton23_Click
Name OptionButton23_Click: [3]!OptionButton23_Click
Name OptionButton24_Click: [3]!OptionButton24_Click
Name OptionButton24_Click: [3]!OptionButton24_Click
Name OptionButton24_Click: [3]!OptionButton24_Click
Name Print_Area_MI: #REF!
Name SDS: #REF!
Name wfRevisionCode: [6]Cover!$E$20
Name wfRevisionDate_Text: [6]Cover!$E$21

Sheet Template Cover Page
B9: Template
B11: I-TMP-STD-008
B13: Master Alarms Database
B15: Document Number: TEM-00254
B18: This document is the property of Seqwater. It must not be copied or reproduced in any way whatsoever without the authority of Seqwater. This document is uncontrolled when printed. An electronic database manages and stores the controlled version.
B21: Rev no. | C21: Description | D21: Process Owner | F21: Approved for issue
D22: Position | E22: Name | F22: Position | G22: Name | H22: Date
B23: 5 | C23: • Project Cover Page and Dashboard tabs added. • Columns for Risk Matrix fields and Operator Action added in Worksheet. • Alarm Type, Type, Alarm Owner, CCP Type, Instrument Parameter and Alarm Causes columns removed from Worksheet. • Dashboard calculation updated to reflect ISA-18.2-2016. • More information added to 'Instructions' tab. • Dial Out and Operator Response Time category fields changed. | D23: Lead Automation and Process Control Engineer | E23: Refer Supporting Information in REX | F23: Team Leader Process & Analysis | G23: Refer Supporting Information in REX | H23: 46286
B24: This Standard has been endorsed by an RPEQ on behalf of Seqwater (Refer Supporting Information in REX)
B26: Document Sensitivity: OFFICIAL (Public)

Sheet Instructions
A1: Master Alarms Database - Alarms Prioritisation and Classification
A2: Instructions
A3: Step 1 | B3: For guidance on how to populate this sheet refer I-SPE-STD-005 Process Control Standard (SPE-00356), I-SPE-STD-006 Alarm and Event Management (SPE-00357).
A4: Step 2 | B4: Fill out details in all blue columns where required. Grey columns are automatically calculated and do not need data entry.
A5: Step 3 | B5: Against each alarm, assign a consequence value (per the Seqwater Risk Matrix Tab) in the appropriate Impact Type column as per the Consequences Table. Populate every field to show it has been accounted for.
B6: HACCP critical should be manually overwritten with a priority 1, and HACCP action should be manually overwritten with a priority 2 as per I-SPE-STD-006.
B7: Each alarm should be considered uniquely.
B8: Note that this alarm list was created based on FRA-00014, revision 8 Seqwater Risk Matrix. If a new risk matrix has been released, please reach out to engineering@seqwater.com.au for guidance.
A9: Step 4 | B9: Select the appropriate Operator Response Time. Not assigning a response time, defaults the alarm to an Event (Priority 5). The Priority column will then determine the appropriate Alarm Priority level for the given
B10: Consequence and Response Time.
A11: Step 5 | B11: Complete remaining alarm details section.
A12: Step 6 | B12: Review the Dashboard Tab. Adjust the prioritisation scoring (by improving automatic controls), however note that prioritisation is a continuous improvement action and this may be corrected during rationalisation.
A13: Step 7 | B13: Assign a dial out to the alarm if required as per I-SPE-STD-013 Control Systems Design and Construction.
B14: If both hardware and software dial out technologies are used, then please add an additional column for hardware dial out, labelled 'Hardware Dial Out Assignment' and configure the applicable alarms.
A15: Step 8 | B15: Update the footer with the document number and REX ID.
A17: Notes | B17: The spreadsheet assumes the alarms are acknowledged by an operator.
B18: Add new rows before the end of the table or extend the table downwards to keep formulas.
B19: One alarm list should be created per pipeline/water treatment plant. You may combine related assets for a water treatment plant to one alarm list (for example, a pump station can be grouped with the respective water treatment plant).
B20: If reverse engineering a site, the alarm dialler categories may be changed to suit the current state site categories, this is to be confirmed by the Principal.
B21: Process Group Descriptions vary for Pipeline and Water Treatment Plants. Refer to I-TMP-STD-001 Functional Description Part A (TEM-00221), for guidance.
A23: Definitions and helpful tips (note these are extracted from ISA18.2-2016 where possible)
A24: Alarm Area | B24: Free text field used to help filter and search for alarms.
A26: Alarm Description | B26: The description should follow this format: Site Name (e.g. Kirkleagh) / Area or Equipment Identifier (e.g. Raw Water or Coagulated Pump) / Instrument Parameter (e.g. Turbidity) / Alarm Status (e.g. Fault, High High) / HACCP (e.g. HACCP critical)
B27: A HACCP should be labelled as a "HACCP" rather than a "CCP", "oPRP" or "QCP". The site wall chart can be referred too if further detail is required.
B28: Limit the text field to 60 characters. If more characters are required then refer to Principal for guidance.
A30: Alarm Hold Time | B30: Minimum time (seconds) which the alarm output (e.g. aALM) is held high for. For example, if the alarm hold time is 0s, then the alarm resets as soon as the alarm condition clears.
B31: Refer to I-SPE-STD-020 Programmable Logic Controller (PLC) Blocks Specification for more detail on hold time.
A33: Alarm Masking | B33: Masking is the prevention of annunciation of the alarm to the operator when the alarm is active. The alarm will be masked when the listed alarms are annunciated.
B34: This field should be populated with the masking logic condition including the alarm tag description.
A36: Alarm On Delay | B36: Time before an alarm becomes active (in seconds) after the process measurement has exceeded the alarm setpoint.
B37: Refer to I-SPE-STD-006 Alarm and Event Management (SPE-00357) for guidance on alarm on delay times for greenfield or new brownfield alarm items but they need to be updated/configured during commissioning and after sufficient operating experience.
B38: On-delay times should be applied only after careful evaluation of potential control system operational effects.
A40: Alarm Off Delay | B40: Time an alarm remains active (in seconds) after the process measurement has returned within the alarm setpoint. For greenfield or new brownfield alarm items, these fields can be left blank.
B41: Refer to I-SPE-STD-006 Alarm and Event Management (SPE-00357) for guidance on alarm off delay times for greenfield or new brownfield alarm items but they need to be updated/configured during commissioning.
B42: Analogue signal types (except for HACCPs) do not have alarm off delay, so the cell can be populated with "-".
A44: Alarm Priority | B44: Relative importance assigned to an alarm within the alarm system to indicate the urgency of response.
B45: Refer to Dashboard tab for distribution guidelines for alarm priorities.
B46: HACCP Critical should be overwritten with a priority 1 as per I-SPE-STD-006. HACCP Action should be overwritten with a priority 2 as per I-SPE-STD-006.
A48: Alarm Tag | B48: Descriptor structure as per I-SPE-STD-010 Control System Tag Naming.
A50: Consequence of Alarm if Not Actioned or Actioned Incorrectly | B50: Consequence if the operator incorrectly actions the alarm or does not respond to the alarm. This is a free text field for descriptions.
A52: Consequences Table | B52: Refer to Enterprise Risk Management Framework (FRA-00014, rev 8).
A54: Deadband | B54: Change in signal (absolute value) from the alarm setpoint necessary for the alarm to return to normal.
B55: You may refer to I-SPE-STD-006 Alarm and Event Management (SPE-00357) for guidance on deadband for greenfield or new brownfield alarm items but they need to be updated/configured during commissioning.
B56: Note digital signal types do not have a deadband, so the cell can be populated with "-".
A58: Default Setpoint | B58: Threshold value of a process variable or discrete state that is used to determine if the alarm is active. Digital alarms do not have a default setpoint, so the cell can be populated with "-".
A60: Dial Out Assignment | B60: Assign a dial out to the alarm if required as per I-SPE-STD-013 Control Systems Design and Construction.
A62: Engineering Units | B62: The unit for the alarm (e.g. NTU for turbidity). Digital alarms do not have an engineering unit, so the cell can be populated with "-".
A64: Equipment Number | B64: Equipment number should follow X-PRO-STD-006 Asset and Equipment Identifier Procedure (PRO-02190).
A66: Guideline Count | B66: Guideline count of alarms allowed for each alarm category (calculated based off guideline percentages mentioned in ISA-18.2-2016).
B67: This is a continuous improvement initiative which should be revisited during rationalisation.
A69: Guideline Percentage | B69: Guideline percentage of alarms allowed for each alarm category (as per ISA-18.2-2016).
B70: This is a continuous improvement initiative which should be revisited during rationalisation and alarm management lifecycle.
A72: Notes | B72: Free text field for any additional information you may like to add.
A74: Operator Response Time | B74: From the time the alarm is annunciated until the operator takes the corrective action is the actual response time for the alarm, or operator response delay.
B75: It includes the detection of the alarm, the diagnosis of the situation and determination of the operator action in response, and the execution of that response.
A77: Operator Action | B77: Action for operator to take when alarm annunciates.
B78: If there is no operator action or the operator is not able to respond in time then the scoring should be revisited (as there is no value in creating an alarm).
A80: Response Time Table | B80: Extracted from Appendix 3 - Prioritisation methods of Alarm systems Publication 191 Edition 4 Engineering Equipment and Materials Users Association (EEMUA).
A82: Risk Scoring Table | B82: Refer to Enterprise Risk Management Framework (FRA-00014, rev 8).
B83: Note the "very high" category has been modified to "high" for this template to align with the number of priorities and guiding percentage distribution (refer to Dashboard Tab).
A86: Vlookups (DO NOT MODIFY THE BELOW TABLE)
B87: Consequence
B88: 0 | C88: Event
B89: 1 | C89: Insignificant
B90: 2 | C90: Minor
B91: 3 | C91: Moderate
B92: 4 | C92: Major
B93: 5 | C93: Critical

Sheet Project Cover Page
B9: Site Name
B11: Project Name
B13: Master Alarms Database
B15: Document Number: I-LST-XXX-XXX request from Seqwater as per X-PRO-STD-019
B16: REX ID: XX/XXXX request from Seqwater as per X-PRO-STD-019
B18: This document is the property of Seqwater. It must not be copied or reproduced in any way whatsoever without the authority of Seqwater. This document is uncontrolled when printed. An electronic database manages and stores the controlled version.
B26: Revision
B27: Date | C27: Rev | D27: Description | E27: Prepared By | F27: Checked By | G27: Approved By (RPEQ)
B28: dd/mm/year | C28: 0 | D28: ‘Add project details If updated as part of project’ | E28: Full name - Position Company | F28: Full name - Position Company | G28: Full name - Position Company
E29: Signature | F29: Signature | G29: Signature
B30: The extent of changes made to this document in the latest revision are highlighted in green (refer to X-PRO-STD-019).
B32: Revision History
B33: Date | C33: Rev | D33: Description | E33: Prepared By | F33: Checked By | G33: Approved By (RPEQ)

Sheet Worksheet
A1: Master Alarms Database Worksheet
A2: (Refer to Instructions tab on how to use this template)
A3: Rev | B3: P&ID Number | C3: Equipment Number | D3: Alarm tag | E3: Alarm Area | F3: Alarm Description | G3: Consequence of Alarm if Not Actioned or Actioned Incorrectly | H3: Health, Safety and Wellbeing | I3: Environment | J3: Water Security, Supply and Quality | K3: Technology, Information, Security and Management | L3: Financial | M3: Legal and Compliance | N3: Operator Response Time | O3: Highest Consequence Rating | P3: Consequence | Q3: Calc | R3: Alarm Priority | S3: Dial Out Assignment | T3: Operator Action | U3: Engineering Units | V3: Default Setpoint | W3: Alarm On Delay | X3: Alarm Off Delay | Y3: Dead band | Z3: Alarm Hold Time | AA3: Alarm Masking | AB3: Notes
A4: 0 | B4: B-DWG-XXX-XXXX | C4: XXX-I-1AIT032 | D4: XXX_1AIT032_aHH | E4: Raw Water | F4: Kirkleagh Raw Water Turbidity High High | G4: Overwhelm downstream processes | H4: 0 | I4: 0 | J4: 2 | K4: 0 | L4: 0 | M4: 0 | N4: <5 minutes control room operator | O4: =MAX(H4:M4) -> 2 | P4: =IF(Table4[[#This Row],[Operator Response Time]]="Manual override HACCP","HACCP",VLOOKUP(O4,Instructions!$B$88:$C$93,2)) -> Minor | Q4: =IF($N4='Seqwater Risk Matrix'!$B$19,'Seqwater Risk Matrix'!$A$19,IF($N4='Seqwater Risk Matrix'!$B$20,'Seqwater Risk Matrix'!$A$20,IF($N4='Seqwater Risk Matrix'!$B$21,'Seqwater Risk Matrix'!$A$21,IF($N4='Seqwater Risk Matrix'!$B$22,'Seqwater Risk Matrix'!$A$22,IF($N4='Seqwater Risk Matrix'!$B$23,'Seqwater Risk Matrix'!$A$23,0)))))*Worksheet!$O4 -> 4 | R4: =IF(AND(Worksheet!$Q4<='Seqwater Risk Matrix'!$F$31,Worksheet!$Q4>'Seqwater Risk Matrix'!$E$32),Dashboard!$B$4,IF(AND(Worksheet!$Q4>='Seqwater Risk Matrix'!$B$35,Worksheet!$Q4<='Seqwater Risk Matrix'!$B$32),Dashboard!$B$7,IF(AND(Worksheet!$Q4>='Seqwater Risk Matrix'!$B$31,Worksheet!$Q4<='Seqwater Risk Matrix'!$D$33),Dashboard!$B$6,IF(AND(Worksheet!$Q4>='Seqwater Risk Matrix'!$C$31,Worksheet!$Q4<='Seqwater Risk Matrix'!$E$32),Dashboard!$B$5,Dashboard!$B$8)))) -> Information | S4: No Dial | T4: Verify analyser reading with grab sample and monitor continuously | U4: NTU | V4: 100 | W4: 0 | X4: - | Y4: 0 | Z4: 2 | AA4: -
A5: 0 | B5: B-DWG-XXX-XXXX | C5: XXX-I-1AIT032 | D5: XXX_1AIT032_aHI | E5: Raw Water | F5: Kirkleagh Raw Water Turbidity High | H5: 0 | I5: 0 | J5: 2 | K5: 0 | L5: 0 | M5: 0 | N5: >5 minutes | O5: =MAX(H5:M5) -> 2 | P5: =IF(Table4[[#This Row],[Operator Response Time]]="Manual override HACCP","HACCP",VLOOKUP(O5,Instructions!$B$88:$C$93,2)) -> Minor | Q5: =IF($N5='Seqwater Risk Matrix'!$B$19,'Seqwater Risk Matrix'!$A$19,IF($N5='Seqwater Risk Matrix'!$B$20,'Seqwater Risk Matrix'!$A$20,IF($N5='Seqwater Risk Matrix'!$B$21,'Seqwater Risk Matrix'!$A$21,IF($N5='Seqwater Risk Matrix'!$B$22,'Seqwater Risk Matrix'!$A$22,IF($N5='Seqwater Risk Matrix'!$B$23,'Seqwater Risk Matrix'!$A$23,0)))))*Worksheet!$O5 -> 2 | R5: =IF(AND(Worksheet!$Q5<='Seqwater Risk Matrix'!$F$31,Worksheet!$Q5>'Seqwater Risk Matrix'!$E$32),Dashboard!$B$4,IF(AND(Worksheet!$Q5>='Seqwater Risk Matrix'!$B$35,Worksheet!$Q5<='Seqwater Risk Matrix'!$B$32),Dashboard!$B$7,IF(AND(Worksheet!$Q5>='Seqwater Risk Matrix'!$B$31,Worksheet!$Q5<='Seqwater Risk Matrix'!$D$33),Dashboard!$B$6,IF(AND(Worksheet!$Q5>='Seqwater Risk Matrix'!$C$31,Worksheet!$Q5<='Seqwater Risk Matrix'!$E$32),Dashboard!$B$5,Dashboard!$B$8)))) -> Information | S5: No Dial | T5: Monitor | U5: NTU | V5: 40 | W5: 0 | X5: - | Y5: 0 | Z5: 2 | AA5: -
A6: 0 | B6: B-DWG-XXX-XXXX | C6: XXX-I-1AIT032 | D6: XXX_1AIT032_aLO | E6: Raw Water | F6: Kirkleagh Raw Water Turbidity Low | H6: 0 | I6: 0 | J6: 1 | K6: 0 | L6: 0 | M6: 0 | N6: No response required | O6: =MAX(H6:M6) -> 1 | P6: =IF(Table4[[#This Row],[Operator Response Time]]="Manual override HACCP","HACCP",VLOOKUP(O6,Instructions!$B$88:$C$93,2)) -> Insignificant | Q6: =IF($N6='Seqwater Risk Matrix'!$B$19,'Seqwater Risk Matrix'!$A$19,IF($N6='Seqwater Risk Matrix'!$B$20,'Seqwater Risk Matrix'!$A$20,IF($N6='Seqwater Risk Matrix'!$B$21,'Seqwater Risk Matrix'!$A$21,IF($N6='Seqwater Risk Matrix'!$B$22,'Seqwater Risk Matrix'!$A$22,IF($N6='Seqwater Risk Matrix'!$B$23,'Seqwater Risk Matrix'!$A$23,0)))))*Worksheet!$O6 -> 0 | R6: =IF(AND(Worksheet!$Q6<='Seqwater Risk Matrix'!$F$31,Worksheet!$Q6>'Seqwater Risk Matrix'!$E$32),Dashboard!$B$4,IF(AND(Worksheet!$Q6>='Seqwater Risk Matrix'!$B$35,Worksheet!$Q6<='Seqwater Risk Matrix'!$B$32),Dashboard!$B$7,IF(AND(Worksheet!$Q6>='Seqwater Risk Matrix'!$B$31,Worksheet!$Q6<='Seqwater Risk Matrix'!$D$33),Dashboard!$B$6,IF(AND(Worksheet!$Q6>='Seqwater Risk Matrix'!$C$31,Worksheet!$Q6<='Seqwater Risk Matrix'!$E$32),Dashboard!$B$5,Dashboard!$B$8)))) -> Event | S6: No Dial | U6: NTU | V6: 2 | W6: 0 | X6: - | Y6: 0 | Z6: 2 | AA6: Treatment_Start OR Treatment_Stopped
A7: 0 | B7: B-DWG-XXX-XXXX | C7: XXX-I-1AIT032 | D7: XXX_1AIT032_aLL | E7: Raw Water | F7: Kirkleagh Raw Water Turbidity Low Low | H7: 0 | I7: 0 | J7: 1 | K7: 0 | L7: 0 | M7: 0 | N7: No response required | O7: =MAX(H7:M7) -> 1 | P7: =IF(Table4[[#This Row],[Operator Response Time]]="Manual override HACCP","HACCP",VLOOKUP(O7,Instructions!$B$88:$C$93,2)) -> Insignificant | Q7: =IF($N7='Seqwater Risk Matrix'!$B$19,'Seqwater Risk Matrix'!$A$19,IF($N7='Seqwater Risk Matrix'!$B$20,'Seqwater Risk Matrix'!$A$20,IF($N7='Seqwater Risk Matrix'!$B$21,'Seqwater Risk Matrix'!$A$21,IF($N7='Seqwater Risk Matrix'!$B$22,'Seqwater Risk Matrix'!$A$22,IF($N7='Seqwater Risk Matrix'!$B$23,'Seqwater Risk Matrix'!$A$23,0)))))*Worksheet!$O7 -> 0 | R7: =IF(AND(Worksheet!$Q7<='Seqwater Risk Matrix'!$F$31,Worksheet!$Q7>'Seqwater Risk Matrix'!$E$32),Dashboard!$B$4,IF(AND(Worksheet!$Q7>='Seqwater Risk Matrix'!$B$35,Worksheet!$Q7<='Seqwater Risk Matrix'!$B$32),Dashboard!$B$7,IF(AND(Worksheet!$Q7>='Seqwater Risk Matrix'!$B$31,Worksheet!$Q7<='Seqwater Risk Matrix'!$D$33),Dashboard!$B$6,IF(AND(Worksheet!$Q7>='Seqwater Risk Matrix'!$C$31,Worksheet!$Q7<='Seqwater Risk Matrix'!$E$32),Dashboard!$B$5,Dashboard!$B$8)))) -> Event | S7: No Dial | U7: NTU | V7: 1 | W7: 0 | X7: - | Y7: 0 | Z7: 2 | AA7: Treatment_Start OR Treatment_Stopped
A8: 0 | B8: B-DWG-XXX-XXXX | C8: XXX-I-1AIT032 | D8: XXX_1AIT032_aFL | E8: Raw Water | F8: Kirkleagh Raw Water Turbidity Fault | G8: Raw water pump interlock | H8: 0 | I8: 0 | J8: 2 | K8: 0 | L8: 1 | M8: 0 | N8: <5 minutes outside operator | O8: =MAX(H8:M8) -> 2 | P8: =IF(Table4[[#This Row],[Operator Response Time]]="Manual override HACCP","HACCP",VLOOKUP(O8,Instructions!$B$88:$C$93,2)) -> Minor | Q8: =IF($N8='Seqwater Risk Matrix'!$B$19,'Seqwater Risk Matrix'!$A$19,IF($N8='Seqwater Risk Matrix'!$B$20,'Seqwater Risk Matrix'!$A$20,IF($N8='Seqwater Risk Matrix'!$B$21,'Seqwater Risk Matrix'!$A$21,IF($N8='Seqwater Risk Matrix'!$B$22,'Seqwater Risk Matrix'!$A$22,IF($N8='Seqwater Risk Matrix'!$B$23,'Seqwater Risk Matrix'!$A$23,0)))))*Worksheet!$O8 -> 6 | R8: =IF(AND(Worksheet!$Q8<='Seqwater Risk Matrix'!$F$31,Worksheet!$Q8>'Seqwater Risk Matrix'!$E$32),Dashboard!$B$4,IF(AND(Worksheet!$Q8>='Seqwater Risk Matrix'!$B$35,Worksheet!$Q8<='Seqwater Risk Matrix'!$B$32),Dashboard!$B$7,IF(AND(Worksheet!$Q8>='Seqwater Risk Matrix'!$B$31,Worksheet!$Q8<='Seqwater Risk Matrix'!$D$33),Dashboard!$B$6,IF(AND(Worksheet!$Q8>='Seqwater Risk Matrix'!$C$31,Worksheet!$Q8<='Seqwater Risk Matrix'!$E$32),Dashboard!$B$5,Dashboard!$B$8)))) -> Warning | S8: No Dial | T8: Raise a work order | U8: - | V8: - | W8: - | X8: - | Y8: - | Z8: - | AA8: -
A9: 0 | B9: B-DWG-XXX-XXXX | C9: XXX-I-2AIT502 | D9: XXX_2AIT502_aCRTH | E9: Coagulated Water | F9: Kirkleagh Coagulated Water pH High HACCP Critical | G9: Plant shutdown | H9: - | I9: - | J9: - | K9: - | L9: - | M9: - | N9: Manual override HACCP | O9: =MAX(H9:M9) -> 0 | P9: =IF(Table4[[#This Row],[Operator Response Time]]="Manual override HACCP","HACCP",VLOOKUP(O9,Instructions!$B$88:$C$93,2)) -> HACCP | Q9: =IF($N9='Seqwater Risk Matrix'!$B$19,'Seqwater Risk Matrix'!$A$19,IF($N9='Seqwater Risk Matrix'!$B$20,'Seqwater Risk Matrix'!$A$20,IF($N9='Seqwater Risk Matrix'!$B$21,'Seqwater Risk Matrix'!$A$21,IF($N9='Seqwater Risk Matrix'!$B$22,'Seqwater Risk Matrix'!$A$22,IF($N9='Seqwater Risk Matrix'!$B$23,'Seqwater Risk Matrix'!$A$23,0)))))*Worksheet!$O9 -> 0 | R9: Critical | S9: Dial | T9: Refer to HACCP Plan Wall Chart Procedure | U9: pH | V9: 8.2 | W9: 15min | X9: 1min | Y9: - | Z9: 2 | AA9: -
A10: 0 | B10: B-DWG-XXX-XXXX | C10: XXX-I-2AIT502 | D10: XXX_2AIT502_aACTH | E10: Coagulated Water | F10: Kirkleagh Coagulated Water pH High HACCP Action | G10: Treated water pumps shutdown | H10: - | I10: - | J10: - | K10: - | L10: - | M10: - | N10: Manual override HACCP | O10: =MAX(H10:M10) -> 0 | P10: =IF(Table4[[#This Row],[Operator Response Time]]="Manual override HACCP","HACCP",VLOOKUP(O10,Instructions!$B$88:$C$93,2)) -> HACCP | Q10: =IF($N10='Seqwater Risk Matrix'!$B$19,'Seqwater Risk Matrix'!$A$19,IF($N10='Seqwater Risk Matrix'!$B$20,'Seqwater Risk Matrix'!$A$20,IF($N10='Seqwater Risk Matrix'!$B$21,'Seqwater Risk Matrix'!$A$21,IF($N10='Seqwater Risk Matrix'!$B$22,'Seqwater Risk Matrix'!$A$22,IF($N10='Seqwater Risk Matrix'!$B$23,'Seqwater Risk Matrix'!$A$23,0)))))*Worksheet!$O10 -> 0 | R10: Action | S10: Dial | T10: Refer to HACCP Plan Wall Chart Procedure | U10: pH | V10: 7.8 | W10: 30min | X10: 30 | Y10: - | Z10: 2 | AA10: -
A11: 0 | B11: B-DWG-XXX-XXXX | C11: XXX-I-2AIT502 | D11: XXX_2AIT502_aHH | E11: Coagulated Water | F11: Kirkleagh Coagulated Water pH High High | G11: Nearing action for coagulated pH | H11: 0 | I11: 0 | J11: 1 | K11: 0 | L11: 0 | M11: 0 | N11: Immediate control room operator | O11: =MAX(H11:M11) -> 1 | P11: =IF(Table4[[#This Row],[Operator Response Time]]="Manual override HACCP","HACCP",VLOOKUP(O11,Instructions!$B$88:$C$93,2)) -> Insignificant | Q11: =IF($N11='Seqwater Risk Matrix'!$B$19,'Seqwater Risk Matrix'!$A$19,IF($N11='Seqwater Risk Matrix'!$B$20,'Seqwater Risk Matrix'!$A$20,IF($N11='Seqwater Risk Matrix'!$B$21,'Seqwater Risk Matrix'!$A$21,IF($N11='Seqwater Risk Matrix'!$B$22,'Seqwater Risk Matrix'!$A$22,IF($N11='Seqwater Risk Matrix'!$B$23,'Seqwater Risk Matrix'!$A$23,0)))))*Worksheet!$O11 -> 4 | R11: =IF(AND(Worksheet!$Q11<='Seqwater Risk Matrix'!$F$31,Worksheet!$Q11>'Seqwater Risk Matrix'!$E$32),Dashboard!$B$4,IF(AND(Worksheet!$Q11>='Seqwater Risk Matrix'!$B$35,Worksheet!$Q11<='Seqwater Risk Matrix'!$B$32),Dashboard!$B$7,IF(AND(Worksheet!$Q11>='Seqwater Risk Matrix'!$B$31,Worksheet!$Q11<='Seqwater Risk Matrix'!$D$33),Dashboard!$B$6,IF(AND(Worksheet!$Q11>='Seqwater Risk Matrix'!$C$31,Worksheet!$Q11<='Seqwater Risk Matrix'!$E$32),Dashboard!$B$5,Dashboard!$B$8)))) -> Information | S11: No Dial | T11: Verify analyser reading with grab sample and monitor continuously | U11: pH | V11: 7.7 | W11: 0 | X11: - | Y11: 0 | Z11: 2 | AA11: -
A12: 0 | B12: B-DWG-XXX-XXXX | C12: XXX-I-2AIT502 | D12: XXX_2AIT502_aHI | E12: Coagulated Water | F12: Kirkleagh Coagulated Water pH High | H12: 0 | I12: 0 | J12: 1 | K12: 0 | L12: 0 | M12: 0 | N12: <5 minutes control room operator | O12: =MAX(H12:M12) -> 1 | P12: =IF(Table4[[#This Row],[Operator Response Time]]="Manual override HACCP","HACCP",VLOOKUP(O12,Instructions!$B$88:$C$93,2)) -> Insignificant | Q12: =IF($N12='Seqwater Risk Matrix'!$B$19,'Seqwater Risk Matrix'!$A$19,IF($N12='Seqwater Risk Matrix'!$B$20,'Seqwater Risk Matrix'!$A$20,IF($N12='Seqwater Risk Matrix'!$B$21,'Seqwater Risk Matrix'!$A$21,IF($N12='Seqwater Risk Matrix'!$B$22,'Seqwater Risk Matrix'!$A$22,IF($N12='Seqwater Risk Matrix'!$B$23,'Seqwater Risk Matrix'!$A$23,0)))))*Worksheet!$O12 -> 2 | R12: =IF(AND(Worksheet!$Q12<='Seqwater Risk Matrix'!$F$31,Worksheet!$Q12>'Seqwater Risk Matrix'!$E$32),Dashboard!$B$4,IF(AND(Worksheet!$Q12>='Seqwater Risk Matrix'!$B$35,Worksheet!$Q12<='Seqwater Risk Matrix'!$B$32),Dashboard!$B$7,IF(AND(Worksheet!$Q12>='Seqwater Risk Matrix'!$B$31,Worksheet!$Q12<='Seqwater Risk Matrix'!$D$33),Dashboard!$B$6,IF(AND(Worksheet!$Q12>='Seqwater Risk Matrix'!$C$31,Worksheet!$Q12<='Seqwater Risk Matrix'!$E$32),Dashboard!$B$5,Dashboard!$B$8)))) -> Information | S12: No Dial | T12: Monitor | U12: pH | V12: 7.6 | W12: 0 | X12: - | Y12: 0 | Z12: 2 | AA12: -
A13: 0 | B13: B-DWG-XXX-XXXX | C13: XXX-I-2AIT502 | D13: XXX_2AIT502_aLO | E13: Coagulated Water | F13: Kirkleagh Coagulated Water pH Low | H13: 0 | I13: 0 | J13: 1 | K13: 0 | L13: 0 | M13: 0 | N13: <5 minutes control room operator | O13: =MAX(H13:M13) -> 1 | P13: =IF(Table4[[#This Row],[Operator Response Time]]="Manual override HACCP","HACCP",VLOOKUP(O13,Instructions!$B$88:$C$93,2)) -> Insignificant | Q13: =IF($N13='Seqwater Risk Matrix'!$B$19,'Seqwater Risk Matrix'!$A$19,IF($N13='Seqwater Risk Matrix'!$B$20,'Seqwater Risk Matrix'!$A$20,IF($N13='Seqwater Risk Matrix'!$B$21,'Seqwater Risk Matrix'!$A$21,IF($N13='Seqwater Risk Matrix'!$B$22,'Seqwater Risk Matrix'!$A$22,IF($N13='Seqwater Risk Matrix'!$B$23,'Seqwater Risk Matrix'!$A$23,0)))))*Worksheet!$O13 -> 2 | R13: =IF(AND(Worksheet!$Q13<='Seqwater Risk Matrix'!$F$31,Worksheet!$Q13>'Seqwater Risk Matrix'!$E$32),Dashboard!$B$4,IF(AND(Worksheet!$Q13>='Seqwater Risk Matrix'!$B$35,Worksheet!$Q13<='Seqwater Risk Matrix'!$B$32),Dashboard!$B$7,IF(AND(Worksheet!$Q13>='Seqwater Risk Matrix'!$B$31,Worksheet!$Q13<='Seqwater Risk Matrix'!$D$33),Dashboard!$B$6,IF(AND(Worksheet!$Q13>='Seqwater Risk Matrix'!$C$31,Worksheet!$Q13<='Seqwater Risk Matrix'!$E$32),Dashboard!$B$5,Dashboard!$B$8)))) -> Information | S13: No Dial | T13: Monitor | U13: pH | V13: 6.4 | W13: 0 | X13: - | Y13: 0 | Z13: 2 | AA13: -
A14: 0 | B14: B-DWG-XXX-XXXX | C14: XXX-I-2AIT502 | D14: XXX_2AIT502_aLL | E14: Coagulated Water | F14: Kirkleagh Coagulated Water pH Low Low | G14: Nearing action for coagulated pH | H14: 0 | I14: 0 | J14: 1 | K14: 0 | L14: 0 | M14: 0 | N14: Immediate control room operator | O14: =MAX(H14:M14) -> 1 | P14: =IF(Table4[[#This Row],[Operator Response Time]]="Manual override HACCP","HACCP",VLOOKUP(O14,Instructions!$B$88:$C$93,2)) -> Insignificant | Q14: =IF($N14='Seqwater Risk Matrix'!$B$19,'Seqwater Risk Matrix'!$A$19,IF($N14='Seqwater Risk Matrix'!$B$20,'Seqwater Risk Matrix'!$A$20,IF($N14='Seqwater Risk Matrix'!$B$21,'Seqwater Risk Matrix'!$A$21,IF($N14='Seqwater Risk Matrix'!$B$22,'Seqwater Risk Matrix'!$A$22,IF($N14='Seqwater Risk Matrix'!$B$23,'Seqwater Risk Matrix'!$A$23,0)))))*Worksheet!$O14 -> 4 | R14: =IF(AND(Worksheet!$Q14<='Seqwater Risk Matrix'!$F$31,Worksheet!$Q14>'Seqwater Risk Matrix'!$E$32),Dashboard!$B$4,IF(AND(Worksheet!$Q14>='Seqwater Risk Matrix'!$B$35,Worksheet!$Q14<='Seqwater Risk Matrix'!$B$32),Dashboard!$B$7,IF(AND(Worksheet!$Q14>='Seqwater Risk Matrix'!$B$31,Worksheet!$Q14<='Seqwater Risk Matrix'!$D$33),Dashboard!$B$6,IF(AND(Worksheet!$Q14>='Seqwater Risk Matrix'!$C$31,Worksheet!$Q14<='Seqwater Risk Matrix'!$E$32),Dashboard!$B$5,Dashboard!$B$8)))) -> Information | S14: No Dial | T14: Verify analyser reading with grab sample and monitor continuously | U14: pH | V14: 6 | W14: 0 | X14: - | Y14: 0 | Z14: 2 | AA14: -
A15: 0 | B15: B-DWG-XXX-XXXX | C15: XXX-I-2AIT502 | D15: XXX_2AIT502_aFL | E15: Coagulated Water | F15: Kirkleagh Coagulated Water pH Fault | G15: Coagulated water pump interlock | H15: 0 | I15: 0 | J15: 2 | K15: 0 | L15: 1 | M15: 0 | N15: <5 minutes outside operator | O15: =MAX(H15:M15) -> 2 | P15: =IF(Table4[[#This Row],[Operator Response Time]]="Manual override HACCP","HACCP",VLOOKUP(O15,Instructions!$B$88:$C$93,2)) -> Minor | Q15: =IF($N15='Seqwater Risk Matrix'!$B$19,'Seqwater Risk Matrix'!$A$19,IF($N15='Seqwater Risk Matrix'!$B$20,'Seqwater Risk Matrix'!$A$20,IF($N15='Seqwater Risk Matrix'!$B$21,'Seqwater Risk Matrix'!$A$21,IF($N15='Seqwater Risk Matrix'!$B$22,'Seqwater Risk Matrix'!$A$22,IF($N15='Seqwater Risk Matrix'!$B$23,'Seqwater Risk Matrix'!$A$23,0)))))*Worksheet!$O15 -> 6 | R15: =IF(AND(Worksheet!$Q15<='Seqwater Risk Matrix'!$F$31,Worksheet!$Q15>'Seqwater Risk Matrix'!$E$32),Dashboard!$B$4,IF(AND(Worksheet!$Q15>='Seqwater Risk Matrix'!$B$35,Worksheet!$Q15<='Seqwater Risk Matrix'!$B$32),Dashboard!$B$7,IF(AND(Worksheet!$Q15>='Seqwater Risk Matrix'!$B$31,Worksheet!$Q15<='Seqwater Risk Matrix'!$D$33),Dashboard!$B$6,IF(AND(Worksheet!$Q15>='Seqwater Risk Matrix'!$C$31,Worksheet!$Q15<='Seqwater Risk Matrix'!$E$32),Dashboard!$B$5,Dashboard!$B$8)))) -> Warning | S15: No Dial | T15: Raise a work order | U15: - | V15: - | W15: - | X15: - | Y15: - | Z15: - | AA15: -
A16: 0 | B16: B-DWG-XXX-XXXX | C16: XXX-M-2PMP032 | D16: XXX_2PMP032_AMP_aHH | E16: Settled Water | F16: Kirkleagh Settled Water Pump 2 Current High High | G16: Pump may eventually fault, and then switch over to pump 1 | H16: 0 | I16: 0 | J16: 1 | K16: 0 | L16: 0 | M16: 0 | N16: <5 minutes outside operator | O16: =MAX(H16:M16) -> 1 | P16: =IF(Table4[[#This Row],[Operator Response Time]]="Manual override HACCP","HACCP",VLOOKUP(O16,Instructions!$B$88:$C$93,2)) -> Insignificant | Q16: =IF($N16='Seqwater Risk Matrix'!$B$19,'Seqwater Risk Matrix'!$A$19,IF($N16='Seqwater Risk Matrix'!$B$20,'Seqwater Risk Matrix'!$A$20,IF($N16='Seqwater Risk Matrix'!$B$21,'Seqwater Risk Matrix'!$A$21,IF($N16='Seqwater Risk Matrix'!$B$22,'Seqwater Risk Matrix'!$A$22,IF($N16='Seqwater Risk Matrix'!$B$23,'Seqwater Risk Matrix'!$A$23,0)))))*Worksheet!$O16 -> 3 | R16: =IF(AND(Worksheet!$Q16<='Seqwater Risk Matrix'!$F$31,Worksheet!$Q16>'Seqwater Risk Matrix'!$E$32),Dashboard!$B$4,IF(AND(Worksheet!$Q16>='Seqwater Risk Matrix'!$B$35,Worksheet!$Q16<='Seqwater Risk Matrix'!$B$32),Dashboard!$B$7,IF(AND(Worksheet!$Q16>='Seqwater Risk Matrix'!$B$31,Worksheet!$Q16<='Seqwater Risk Matrix'!$D$33),Dashboard!$B$6,IF(AND(Worksheet!$Q16>='Seqwater Risk Matrix'!$C$31,Worksheet!$Q16<='Seqwater Risk Matrix'!$E$32),Dashboard!$B$5,Dashboard!$B$8)))) -> Information | S16: No Dial | T16: Investigate why pump current is high high | U16: A | V16: 48 | W16: 0 | X16: - | Y16: 0 | Z16: 2 | AA16: -
A17: 0 | B17: B-DWG-XXX-XXXX | C17: XXX-M-2PMP032 | D17: XXX_2PMP032_AMP_aHI | E17: Settled Water | F17: Kirkleagh Settled Water Pump 2 Current High | H17: 0 | I17: 0 | J17: 1 | K17: 0 | L17: 0 | M17: 0 | N17: >5 minutes | O17: =MAX(H17:M17) -> 1 | P17: =IF(Table4[[#This Row],[Operator Response Time]]="Manual override HACCP","HACCP",VLOOKUP(O17,Instructions!$B$88:$C$93,2)) -> Insignificant | Q17: =IF($N17='Seqwater Risk Matrix'!$B$19,'Seqwater Risk Matrix'!$A$19,IF($N17='Seqwater Risk Matrix'!$B$20,'Seqwater Risk Matrix'!$A$20,IF($N17='Seqwater Risk Matrix'!$B$21,'Seqwater Risk Matrix'!$A$21,IF($N17='Seqwater Risk Matrix'!$B$22,'Seqwater Risk Matrix'!$A$22,IF($N17='Seqwater Risk Matrix'!$B$23,'Seqwater Risk Matrix'!$A$23,0)))))*Worksheet!$O17 -> 1 | R17: =IF(AND(Worksheet!$Q17<='Seqwater Risk Matrix'!$F$31,Worksheet!$Q17>'Seqwater Risk Matrix'!$E$32),Dashboard!$B$4,IF(AND(Worksheet!$Q17>='Seqwater Risk Matrix'!$B$35,Worksheet!$Q17<='Seqwater Risk Matrix'!$B$32),Dashboard!$B$7,IF(AND(Worksheet!$Q17>='Seqwater Risk Matrix'!$B$31,Worksheet!$Q17<='Seqwater Risk Matrix'!$D$33),Dashboard!$B$6,IF(AND(Worksheet!$Q17>='Seqwater Risk Matrix'!$C$31,Worksheet!$Q17<='Seqwater Risk Matrix'!$E$32),Dashboard!$B$5,Dashboard!$B$8)))) -> Information | S17: No Dial | T17: Monitor | U17: A | V17: 44 | W17: 0 | X17: - | Y17: 0 | Z17: 2 | AA17: -
A18: 0 | B18: B-DWG-XXX-XXXX | C18: XXX-M-2PMP032 | D18: XXX_2PMP032_AMP_aLO | E18: Settled Water | F18: Kirkleagh Settled Water Pump 2 Current Low | H18: 0 | I18: 0 | J18: 1 | K18: 0 | L18: 0 | M18: 0 | N18: >5 minutes | O18: =MAX(H18:M18) -> 1 | P18: =IF(Table4[[#This Row],[Operator Response Time]]="Manual override HACCP","HACCP",VLOOKUP(O18,Instructions!$B$88:$C$93,2)) -> Insignificant | Q18: =IF($N18='Seqwater Risk Matrix'!$B$19,'Seqwater Risk Matrix'!$A$19,IF($N18='Seqwater Risk Matrix'!$B$20,'Seqwater Risk Matrix'!$A$20,IF($N18='Seqwater Risk Matrix'!$B$21,'Seqwater Risk Matrix'!$A$21,IF($N18='Seqwater Risk Matrix'!$B$22,'Seqwater Risk Matrix'!$A$22,IF($N18='Seqwater Risk Matrix'!$B$23,'Seqwater Risk Matrix'!$A$23,0)))))*Worksheet!$O18 -> 1 | R18: =IF(AND(Worksheet!$Q18<='Seqwater Risk Matrix'!$F$31,Worksheet!$Q18>'Seqwater Risk Matrix'!$E$32),Dashboard!$B$4,IF(AND(Worksheet!$Q18>='Seqwater Risk Matrix'!$B$35,Worksheet!$Q18<='Seqwater Risk Matrix'!$B$32),Dashboard!$B$7,IF(AND(Worksheet!$Q18>='Seqwater Risk Matrix'!$B$31,Worksheet!$Q18<='Seqwater Risk Matrix'!$D$33),Dashboard!$B$6,IF(AND(Worksheet!$Q18>='Seqwater Risk Matrix'!$C$31,Worksheet!$Q18<='Seqwater Risk Matrix'!$E$32),Dashboard!$B$5,Dashboard!$B$8)))) -> Information | S18: No Dial | T18: Monitor | U18: A | V18: 38 | W18: 0 | X18: - | Y18: 0 | Z18: 2 | AA18: -
A19: 0 | B19: B-DWG-XXX-XXXX | C19: XXX-M-2PMP032 | D19: XXX_2PMP032_AMP_aLL | E19: Settled Water | F19: Kirkleagh Settled Water Pump 2 Current Low Low | G19: Pump may eventually fault, and then switch over to pump 1 | H19: 0 | I19: 0 | J19: 1 | K19: 0 | L19: 0 | M19: 0 | N19: <5 minutes outside operator | O19: =MAX(H19:M19) -> 1 | P19: =IF(Table4[[#This Row],[Operator Response Time]]="Manual override HACCP","HACCP",VLOOKUP(O19,Instructions!$B$88:$C$93,2)) -> Insignificant | Q19: =IF($N19='Seqwater Risk Matrix'!$B$19,'Seqwater Risk Matrix'!$A$19,IF($N19='Seqwater Risk Matrix'!$B$20,'Seqwater Risk Matrix'!$A$20,IF($N19='Seqwater Risk Matrix'!$B$21,'Seqwater Risk Matrix'!$A$21,IF($N19='Seqwater Risk Matrix'!$B$22,'Seqwater Risk Matrix'!$A$22,IF($N19='Seqwater Risk Matrix'!$B$23,'Seqwater Risk Matrix'!$A$23,0)))))*Worksheet!$O19 -> 3 | R19: =IF(AND(Worksheet!$Q19<='Seqwater Risk Matrix'!$F$31,Worksheet!$Q19>'Seqwater Risk Matrix'!$E$32),Dashboard!$B$4,IF(AND(Worksheet!$Q19>='Seqwater Risk Matrix'!$B$35,Worksheet!$Q19<='Seqwater Risk Matrix'!$B$32),Dashboard!$B$7,IF(AND(Worksheet!$Q19>='Seqwater Risk Matrix'!$B$31,Worksheet!$Q19<='Seqwater Risk Matrix'!$D$33),Dashboard!$B$6,IF(AND(Worksheet!$Q19>='Seqwater Risk Matrix'!$C$31,Worksheet!$Q19<='Seqwater Risk Matrix'!$E$32),Dashboard!$B$5,Dashboard!$B$8)))) -> Information | S19: No Dial | T19: Investigate why pump current is low low | U19: A | V19: 5 | W19: 0 | X19: - | Y19: 0 | Z19: 2 | AA19: -
A20: 0 | B20: B-DWG-XXX-XXXX | C20: XXX-M-2PMP032 | D20: XXX_2PMP032_AMP_aFL | E20: Settled Water | F20: Kirkleagh Settled Water Pump 2 Current Fault | G20: Switch over to pump 1 | H20: 0 | I20: 0 | J20: 1 | K20: 0 | L20: 1 | M20: 0 | N20: <5 minutes outside operator | O20: =MAX(H20:M20) -> 1 | P20: =IF(Table4[[#This Row],[Operator Response Time]]="Manual override HACCP","HACCP",VLOOKUP(O20,Instructions!$B$88:$C$93,2)) -> Insignificant | Q20: =IF($N20='Seqwater Risk Matrix'!$B$19,'Seqwater Risk Matrix'!$A$19,IF($N20='Seqwater Risk Matrix'!$B$20,'Seqwater Risk Matrix'!$A$20,IF($N20='Seqwater Risk Matrix'!$B$21,'Seqwater Risk Matrix'!$A$21,IF($N20='Seqwater Risk Matrix'!$B$22,'Seqwater Risk Matrix'!$A$22,IF($N20='Seqwater Risk Matrix'!$B$23,'Seqwater Risk Matrix'!$A$23,0)))))*Worksheet!$O20 -> 3 | R20: =IF(AND(Worksheet!$Q20<='Seqwater Risk Matrix'!$F$31,Worksheet!$Q20>'Seqwater Risk Matrix'!$E$32),Dashboard!$B$4,IF(AND(Worksheet!$Q20>='Seqwater Risk Matrix'!$B$35,Worksheet!$Q20<='Seqwater Risk Matrix'!$B$32),Dashboard!$B$7,IF(AND(Worksheet!$Q20>='Seqwater Risk Matrix'!$B$31,Worksheet!$Q20<='Seqwater Risk Matrix'!$D$33),Dashboard!$B$6,IF(AND(Worksheet!$Q20>='Seqwater Risk Matrix'!$C$31,Worksheet!$Q20<='Seqwater Risk Matrix'!$E$32),Dashboard!$B$5,Dashboard!$B$8)))) -> Information | S20: No Dial | T20: Raise a work order | U20: - | V20: - | W20: - | X20: - | Y20: - | Z20: - | AA20: -
A21: 0 | B21: B-DWG-XXX-XXXX | C21: XXX-M-2PMP032 | D21: XXX_2PMP032_sRUN | E21: Settled Water | F21: Kirkleagh Settled Water Pump 2 Start | H21: 0 | I21: 0 | J21: 0 | K21: 0 | L21: 0 | M21: 0 | N21: No response required | O21: =MAX(H21:M21) -> 0 | P21: =IF(Table4[[#This Row],[Operator Response Time]]="Manual override HACCP","HACCP",VLOOKUP(O21,Instructions!$B$88:$C$93,2)) -> Event | Q21: =IF($N21='Seqwater Risk Matrix'!$B$19,'Seqwater Risk Matrix'!$A$19,IF($N21='Seqwater Risk Matrix'!$B$20,'Seqwater Risk Matrix'!$A$20,IF($N21='Seqwater Risk Matrix'!$B$21,'Seqwater Risk Matrix'!$A$21,IF($N21='Seqwater Risk Matrix'!$B$22,'Seqwater Risk Matrix'!$A$22,IF($N21='Seqwater Risk Matrix'!$B$23,'Seqwater Risk Matrix'!$A$23,0)))))*Worksheet!$O21 -> 0 | R21: =IF(AND(Worksheet!$Q21<='Seqwater Risk Matrix'!$F$31,Worksheet!$Q21>'Seqwater Risk Matrix'!$E$32),Dashboard!$B$4,IF(AND(Worksheet!$Q21>='Seqwater Risk Matrix'!$B$35,Worksheet!$Q21<='Seqwater Risk Matrix'!$B$32),Dashboard!$B$7,IF(AND(Worksheet!$Q21>='Seqwater Risk Matrix'!$B$31,Worksheet!$Q21<='Seqwater Risk Matrix'!$D$33),Dashboard!$B$6,IF(AND(Worksheet!$Q21>='Seqwater Risk Matrix'!$C$31,Worksheet!$Q21<='Seqwater Risk Matrix'!$E$32),Dashboard!$B$5,Dashboard!$B$8)))) -> Event | S21: No Dial | U21: - | V21: - | W21: 0 | X21: 0 | Y21: - | Z21: 0s | AA21: -
A22: 0 | B22: B-DWG-XXX-XXXX | C22: XXX-M-2PMP032 | D22: XXX_2PMP032_aTOL | E22: Settled Water | F22: Kirkleagh Settled Water Pump 2 Overload Tripped | G22: Switch over to pump 1 | H22: 0 | I22: 0 | J22: 1 | K22: 0 | L22: 1 | M22: 0 | N22: <5 minutes outside operator | O22: =MAX(H22:M22) -> 1 | P22: =IF(Table4[[#This Row],[Operator Response Time]]="Manual override HACCP","HACCP",VLOOKUP(O22,Instructions!$B$88:$C$93,2)) -> Insignificant | Q22: =IF($N22='Seqwater Risk Matrix'!$B$19,'Seqwater Risk Matrix'!$A$19,IF($N22='Seqwater Risk Matrix'!$B$20,'Seqwater Risk Matrix'!$A$20,IF($N22='Seqwater Risk Matrix'!$B$21,'Seqwater Risk Matrix'!$A$21,IF($N22='Seqwater Risk Matrix'!$B$22,'Seqwater Risk Matrix'!$A$22,IF($N22='Seqwater Risk Matrix'!$B$23,'Seqwater Risk Matrix'!$A$23,0)))))*Worksheet!$O22 -> 3 | R22: =IF(AND(Worksheet!$Q22<='Seqwater Risk Matrix'!$F$31,Worksheet!$Q22>'Seqwater Risk Matrix'!$E$32),Dashboard!$B$4,IF(AND(Worksheet!$Q22>='Seqwater Risk Matrix'!$B$35,Worksheet!$Q22<='Seqwater Risk Matrix'!$B$32),Dashboard!$B$7,IF(AND(Worksheet!$Q22>='Seqwater Risk Matrix'!$B$31,Worksheet!$Q22<='Seqwater Risk Matrix'!$D$33),Dashboard!$B$6,IF(AND(Worksheet!$Q22>='Seqwater Risk Matrix'!$C$31,Worksheet!$Q22<='Seqwater Risk Matrix'!$E$32),Dashboard!$B$5,Dashboard!$B$8)))) -> Information | S22: No Dial | T22: Investigate why pump overload tripped. Raise work order if required. | U22: - | V22: - | W22: 0 | X22: 0 | Y22: - | Z22: 0s | AA22: -
A23: 0 | B23: B-DWG-XXX-XXXX | C23: XXX-M-2PMP032 | D23: XXX_2PMP032_sCBOPEND | E23: Settled Water | F23: Kirkleagh Settled Water Pump 2 Circuit Breaker Open | G23: Switch over to pump 1 | H23: 0 | I23: 0 | J23: 1 | K23: 0 | L23: 1 | M23: 0 | N23: <5 minutes outside operator | O23: =MAX(H23:M23) -> 1 | P23: =IF(Table4[[#This Row],[Operator Response Time]]="Manual override HACCP","HACCP",VLOOKUP(O23,Instructions!$B$88:$C$93,2)) -> Insignificant | Q23: =IF($N23='Seqwater Risk Matrix'!$B$19,'Seqwater Risk Matrix'!$A$19,IF($N23='Seqwater Risk Matrix'!$B$20,'Seqwater Risk Matrix'!$A$20,IF($N23='Seqwater Risk Matrix'!$B$21,'Seqwater Risk Matrix'!$A$21,IF($N23='Seqwater Risk Matrix'!$B$22,'Seqwater Risk Matrix'!$A$22,IF($N23='Seqwater Risk Matrix'!$B$23,'Seqwater Risk Matrix'!$A$23,0)))))*Worksheet!$O23 -> 3 | R23: =IF(AND(Worksheet!$Q23<='Seqwater Risk Matrix'!$F$31,Worksheet!$Q23>'Seqwater Risk Matrix'!$E$32),Dashboard!$B$4,IF(AND(Worksheet!$Q23>='Seqwater Risk Matrix'!$B$35,Worksheet!$Q23<='Seqwater Risk Matrix'!$B$32),Dashboard!$B$7,IF(AND(Worksheet!$Q23>='Seqwater Risk Matrix'!$B$31,Worksheet!$Q23<='Seqwater Risk Matrix'!$D$33),Dashboard!$B$6,IF(AND(Worksheet!$Q23>='Seqwater Risk Matrix'!$C$31,Worksheet!$Q23<='Seqwater Risk Matrix'!$E$32),Dashboard!$B$5,Dashboard!$B$8)))) -> Information | S23: No Dial | T23: Investigate why pump circuit breaker open. Raise work order if required. | U23: - | V23: - | W23: 0 | X23: 0 | Y23: - | Z23: 0s | AA23: -
A24: 0 | B24: B-DWG-XXX-XXXX | C24: XXX-M-2PMP032 | D24: XXX_2PMP032_aESTOP | E24: Settled Water | F24: Kirkleagh Settled Water Pump 2 Emergency Stop | G24: Switch over to pump 1 | H24: 0 | I24: 0 | J24: 1 | K24: 0 | L24: 0 | M24: 0 | N24: <5 minutes outside operator | O24: =MAX(H24:M24) -> 1 | P24: =IF(Table4[[#This Row],[Operator Response Time]]="Manual override HACCP","HACCP",VLOOKUP(O24,Instructions!$B$88:$C$93,2)) -> Insignificant | Q24: =IF($N24='Seqwater Risk Matrix'!$B$19,'Seqwater Risk Matrix'!$A$19,IF($N24='Seqwater Risk Matrix'!$B$20,'Seqwater Risk Matrix'!$A$20,IF($N24='Seqwater Risk Matrix'!$B$21,'Seqwater Risk Matrix'!$A$21,IF($N24='Seqwater Risk Matrix'!$B$22,'Seqwater Risk Matrix'!$A$22,IF($N24='Seqwater Risk Matrix'!$B$23,'Seqwater Risk Matrix'!$A$23,0)))))*Worksheet!$O24 -> 3 | R24: =IF(AND(Worksheet!$Q24<='Seqwater Risk Matrix'!$F$31,Worksheet!$Q24>'Seqwater Risk Matrix'!$E$32),Dashboard!$B$4,IF(AND(Worksheet!$Q24>='Seqwater Risk Matrix'!$B$35,Worksheet!$Q24<='Seqwater Risk Matrix'!$B$32),Dashboard!$B$7,IF(AND(Worksheet!$Q24>='Seqwater Risk Matrix'!$B$31,Worksheet!$Q24<='Seqwater Risk Matrix'!$D$33),Dashboard!$B$6,IF(AND(Worksheet!$Q24>='Seqwater Risk Matrix'!$C$31,Worksheet!$Q24<='Seqwater Risk Matrix'!$E$32),Dashboard!$B$5,Dashboard!$B$8)))) -> Information | S24: No Dial | T24: Investigate why emergency stop was selected. | U24: - | V24: - | W24: 0 | X24: 0 | Y24: - | Z24: 0s | AA24: -
A25: 0 | B25: B-DWG-XXX-XXXX | C25: XXX-M-2PMP031 | D25: XXX_2PMP031_AMP_aHH | E25: Settled Water | F25: Kirkleagh Settled Water Pump 1 Current High High | G25: Pump may eventually fault, and then switch over to pump 2 | H25: 0 | I25: 0 | J25: 1 | K25: 0 | L25: 0 | M25: 0 | N25: <5 minutes outside operator | O25: =MAX(H25:M25) -> 1 | P25: =IF(Table4[[#This Row],[Operator Response Time]]="Manual override HACCP","HACCP",VLOOKUP(O25,Instructions!$B$88:$C$93,2)) -> Insignificant | Q25: =IF($N25='Seqwater Risk Matrix'!$B$19,'Seqwater Risk Matrix'!$A$19,IF($N25='Seqwater Risk Matrix'!$B$20,'Seqwater Risk Matrix'!$A$20,IF($N25='Seqwater Risk Matrix'!$B$21,'Seqwater Risk Matrix'!$A$21,IF($N25='Seqwater Risk Matrix'!$B$22,'Seqwater Risk Matrix'!$A$22,IF($N25='Seqwater Risk Matrix'!$B$23,'Seqwater Risk Matrix'!$A$23,0)))))*Worksheet!$O25 -> 3 | R25: =IF(AND(Worksheet!$Q25<='Seqwater Risk Matrix'!$F$31,Worksheet!$Q25>'Seqwater Risk Matrix'!$E$32),Dashboard!$B$4,IF(AND(Worksheet!$Q25>='Seqwater Risk Matrix'!$B$35,Worksheet!$Q25<='Seqwater Risk Matrix'!$B$32),Dashboard!$B$7,IF(AND(Worksheet!$Q25>='Seqwater Risk Matrix'!$B$31,Worksheet!$Q25<='Seqwater Risk Matrix'!$D$33),Dashboard!$B$6,IF(AND(Worksheet!$Q25>='Seqwater Risk Matrix'!$C$31,Worksheet!$Q25<='Seqwater Risk Matrix'!$E$32),Dashboard!$B$5,Dashboard!$B$8)))) -> Information | S25: No Dial | T25: Investigate why pump current is high high | U25: A | V25: 48 | W25: 0 | X25: - | Y25: 0 | Z25: 2 | AA25: -
A26: 0 | B26: B-DWG-XXX-XXXX | C26: XXX-M-2PMP031 | D26: XXX_2PMP031_AMP_aHI | E26: Settled Water | F26: Kirkleagh Settled Water Pump 1 Current High | H26: 0 | I26: 0 | J26: 1 | K26: 0 | L26: 0 | M26: 0 | N26: >5 minutes | O26: =MAX(H26:M26) -> 1 | P26: =IF(Table4[[#This Row],[Operator Response Time]]="Manual override HACCP","HACCP",VLOOKUP(O26,Instructions!$B$88:$C$93,2)) -> Insignificant | Q26: =IF($N26='Seqwater Risk Matrix'!$B$19,'Seqwater Risk Matrix'!$A$19,IF($N26='Seqwater Risk Matrix'!$B$20,'Seqwater Risk Matrix'!$A$20,IF($N26='Seqwater Risk Matrix'!$B$21,'Seqwater Risk Matrix'!$A$21,IF($N26='Seqwater Risk Matrix'!$B$22,'Seqwater Risk Matrix'!$A$22,IF($N26='Seqwater Risk Matrix'!$B$23,'Seqwater Risk Matrix'!$A$23,0)))))*Worksheet!$O26 -> 1 | R26: =IF(AND(Worksheet!$Q26<='Seqwater Risk Matrix'!$F$31,Worksheet!$Q26>'Seqwater Risk Matrix'!$E$32),Dashboard!$B$4,IF(AND(Worksheet!$Q26>='Seqwater Risk Matrix'!$B$35,Worksheet!$Q26<='Seqwater Risk Matrix'!$B$32),Dashboard!$B$7,IF(AND(Worksheet!$Q26>='Seqwater Risk Matrix'!$B$31,Worksheet!$Q26<='Seqwater Risk Matrix'!$D$33),Dashboard!$B$6,IF(AND(Worksheet!$Q26>='Seqwater Risk Matrix'!$C$31,Worksheet!$Q26<='Seqwater Risk Matrix'!$E$32),Dashboard!$B$5,Dashboard!$B$8)))) -> Information | S26: No Dial | T26: Monitor | U26: A | V26: 44 | W26: 0 | X26: - | Y26: 0 | Z26: 2 | AA26: -
A27: 0 | B27: B-DWG-XXX-XXXX | C27: XXX-M-2PMP031 | D27: XXX_2PMP031_AMP_aLO | E27: Settled Water | F27: Kirkleagh Settled Water Pump 1 Current Low | H27: 0 | I27: 0 | J27: 1 | K27: 0 | L27: 0 | M27: 0 | N27: >5 minutes | O27: =MAX(H27:M27) -> 1 | P27: =IF(Table4[[#This Row],[Operator Response Time]]="Manual override HACCP","HACCP",VLOOKUP(O27,Instructions!$B$88:$C$93,2)) -> Insignificant | Q27: =IF($N27='Seqwater Risk Matrix'!$B$19,'Seqwater Risk Matrix'!$A$19,IF($N27='Seqwater Risk Matrix'!$B$20,'Seqwater Risk Matrix'!$A$20,IF($N27='Seqwater Risk Matrix'!$B$21,'Seqwater Risk Matrix'!$A$21,IF($N27='Seqwater Risk Matrix'!$B$22,'Seqwater Risk Matrix'!$A$22,IF($N27='Seqwater Risk Matrix'!$B$23,'Seqwater Risk Matrix'!$A$23,0)))))*Worksheet!$O27 -> 1 | R27: =IF(AND(Worksheet!$Q27<='Seqwater Risk Matrix'!$F$31,Worksheet!$Q27>'Seqwater Risk Matrix'!$E$32),Dashboard!$B$4,IF(AND(Worksheet!$Q27>='Seqwater Risk Matrix'!$B$35,Worksheet!$Q27<='Seqwater Risk Matrix'!$B$32),Dashboard!$B$7,IF(AND(Worksheet!$Q27>='Seqwater Risk Matrix'!$B$31,Worksheet!$Q27<='Seqwater Risk Matrix'!$D$33),Dashboard!$B$6,IF(AND(Worksheet!$Q27>='Seqwater Risk Matrix'!$C$31,Worksheet!$Q27<='Seqwater Risk Matrix'!$E$32),Dashboard!$B$5,Dashboard!$B$8)))) -> Information | S27: No Dial | T27: Monitor | U27: A | V27: 38 | W27: 0 | X27: - | Y27: 0 | Z27: 2 | AA27: -
A28: 0 | B28: B-DWG-XXX-XXXX | C28: XXX-M-2PMP031 | D28: XXX_2PMP031_AMP_aLL | E28: Settled Water | F28: Kirkleagh Settled Water Pump 1 Current Low Low | G28: Pump may eventually fault, and then switch over to pump 2 | H28: 0 | I28: 0 | J28: 1 | K28: 0 | L28: 0 | M28: 0 | N28: <5 minutes outside operator | O28: =MAX(H28:M28) -> 1 | P28: =IF(Table4[[#This Row],[Operator Response Time]]="Manual override HACCP","HACCP",VLOOKUP(O28,Instructions!$B$88:$C$93,2)) -> Insignificant | Q28: =IF($N28='Seqwater Risk Matrix'!$B$19,'Seqwater Risk Matrix'!$A$19,IF($N28='Seqwater Risk Matrix'!$B$20,'Seqwater Risk Matrix'!$A$20,IF($N28='Seqwater Risk Matrix'!$B$21,'Seqwater Risk Matrix'!$A$21,IF($N28='Seqwater Risk Matrix'!$B$22,'Seqwater Risk Matrix'!$A$22,IF($N28='Seqwater Risk Matrix'!$B$23,'Seqwater Risk Matrix'!$A$23,0)))))*Worksheet!$O28 -> 3 | R28: =IF(AND(Worksheet!$Q28<='Seqwater Risk Matrix'!$F$31,Worksheet!$Q28>'Seqwater Risk Matrix'!$E$32),Dashboard!$B$4,IF(AND(Worksheet!$Q28>='Seqwater Risk Matrix'!$B$35,Worksheet!$Q28<='Seqwater Risk Matrix'!$B$32),Dashboard!$B$7,IF(AND(Worksheet!$Q28>='Seqwater Risk Matrix'!$B$31,Worksheet!$Q28<='Seqwater Risk Matrix'!$D$33),Dashboard!$B$6,IF(AND(Worksheet!$Q28>='Seqwater Risk Matrix'!$C$31,Worksheet!$Q28<='Seqwater Risk Matrix'!$E$32),Dashboard!$B$5,Dashboard!$B$8)))) -> Information | S28: No Dial | T28: Investigate why pump current is low low | U28: A | V28: 5 | W28: 0 | X28: - | Y28: 0 | Z28: 2 | AA28: -
A29: 0 | B29: B-DWG-XXX-XXXX | C29: XXX-M-2PMP031 | D29: XXX_2PMP031_AMP_aFL | E29: Settled Water | F29: Kirkleagh Settled Water Pump 1 Current Fault | G29: Switch over to pump 2 | H29: 0 | I29: 0 | J29: 1 | K29: 0 | L29: 1 | M29: 0 | N29: <5 minutes outside operator | O29: =MAX(H29:M29) -> 1 | P29: =IF(Table4[[#This Row],[Operator Response Time]]="Manual override HACCP","HACCP",VLOOKUP(O29,Instructions!$B$88:$C$93,2)) -> Insignificant | Q29: =IF($N29='Seqwater Risk Matrix'!$B$19,'Seqwater Risk Matrix'!$A$19,IF($N29='Seqwater Risk Matrix'!$B$20,'Seqwater Risk Matrix'!$A$20,IF($N29='Seqwater Risk Matrix'!$B$21,'Seqwater Risk Matrix'!$A$21,IF($N29='Seqwater Risk Matrix'!$B$22,'Seqwater Risk Matrix'!$A$22,IF($N29='Seqwater Risk Matrix'!$B$23,'Seqwater Risk Matrix'!$A$23,0)))))*Worksheet!$O29 -> 3 | R29: =IF(AND(Worksheet!$Q29<='Seqwater Risk Matrix'!$F$31,Worksheet!$Q29>'Seqwater Risk Matrix'!$E$32),Dashboard!$B$4,IF(AND(Worksheet!$Q29>='Seqwater Risk Matrix'!$B$35,Worksheet!$Q29<='Seqwater Risk Matrix'!$B$32),Dashboard!$B$7,IF(AND(Worksheet!$Q29>='Seqwater Risk Matrix'!$B$31,Worksheet!$Q29<='Seqwater Risk Matrix'!$D$33),Dashboard!$B$6,IF(AND(Worksheet!$Q29>='Seqwater Risk Matrix'!$C$31,Worksheet!$Q29<='Seqwater Risk Matrix'!$E$32),Dashboard!$B$5,Dashboard!$B$8)))) -> Information | S29: No Dial | T29: Raise a work order | U29: - | V29: - | W29: - | X29: - | Y29: - | Z29: - | AA29: -
A30: 0 | B30: B-DWG-XXX-XXXX | C30: XXX-M-2PMP031 | D30: XXX_2PMP031_sRUN | E30: Settled Water | F30: Kirkleagh Settled Water Pump 1 Start | H30: 0 | I30: 0 | J30: 0 | K30: 0 | L30: 0 | M30: 0 | N30: No response required | O30: =MAX(H30:M30) -> 0 | P30: =IF(Table4[[#This Row],[Operator Response Time]]="Manual override HACCP","HACCP",VLOOKUP(O30,Instructions!$B$88:$C$93,2)) -> Event | Q30: =IF($N30='Seqwater Risk Matrix'!$B$19,'Seqwater Risk Matrix'!$A$19,IF($N30='Seqwater Risk Matrix'!$B$20,'Seqwater Risk Matrix'!$A$20,IF($N30='Seqwater Risk Matrix'!$B$21,'Seqwater Risk Matrix'!$A$21,IF($N30='Seqwater Risk Matrix'!$B$22,'Seqwater Risk Matrix'!$A$22,IF($N30='Seqwater Risk Matrix'!$B$23,'Seqwater Risk Matrix'!$A$23,0)))))*Worksheet!$O30 -> 0 | R30: =IF(AND(Worksheet!$Q30<='Seqwater Risk Matrix'!$F$31,Worksheet!$Q30>'Seqwater Risk Matrix'!$E$32),Dashboard!$B$4,IF(AND(Worksheet!$Q30>='Seqwater Risk Matrix'!$B$35,Worksheet!$Q30<='Seqwater Risk Matrix'!$B$32),Dashboard!$B$7,IF(AND(Worksheet!$Q30>='Seqwater Risk Matrix'!$B$31,Worksheet!$Q30<='Seqwater Risk Matrix'!$D$33),Dashboard!$B$6,IF(AND(Worksheet!$Q30>='Seqwater Risk Matrix'!$C$31,Worksheet!$Q30<='Seqwater Risk Matrix'!$E$32),Dashboard!$B$5,Dashboard!$B$8)))) -> Event | S30: No Dial | U30: - | V30: - | W30: 0 | X30: 0 | Y30: - | Z30: 0s | AA30: -
A31: 0 | B31: B-DWG-XXX-XXXX | C31: XXX-M-2PMP031 | D31: XXX_2PMP031_aTOL | E31: Settled Water | F31: Kirkleagh Settled Water Pump 1 Overload Tripped | G31: Switch over to pump 2 | H31: 0 | I31: 0 | J31: 1 | K31: 0 | L31: 1 | M31: 0 | N31: <5 minutes outside operator | O31: =MAX(H31:M31) -> 1 | P31: =IF(Table4[[#This Row],[Operator Response Time]]="Manual override HACCP","HACCP",VLOOKUP(O31,Instructions!$B$88:$C$93,2)) -> Insignificant | Q31: =IF($N31='Seqwater Risk Matrix'!$B$19,'Seqwater Risk Matrix'!$A$19,IF($N31='Seqwater Risk Matrix'!$B$20,'Seqwater Risk Matrix'!$A$20,IF($N31='Seqwater Risk Matrix'!$B$21,'Seqwater Risk Matrix'!$A$21,IF($N31='Seqwater Risk Matrix'!$B$22,'Seqwater Risk Matrix'!$A$22,IF($N31='Seqwater Risk Matrix'!$B$23,'Seqwater Risk Matrix'!$A$23,0)))))*Worksheet!$O31 -> 3 | R31: =IF(AND(Worksheet!$Q31<='Seqwater Risk Matrix'!$F$31,Worksheet!$Q31>'Seqwater Risk Matrix'!$E$32),Dashboard!$B$4,IF(AND(Worksheet!$Q31>='Seqwater Risk Matrix'!$B$35,Worksheet!$Q31<='Seqwater Risk Matrix'!$B$32),Dashboard!$B$7,IF(AND(Worksheet!$Q31>='Seqwater Risk Matrix'!$B$31,Worksheet!$Q31<='Seqwater Risk Matrix'!$D$33),Dashboard!$B$6,IF(AND(Worksheet!$Q31>='Seqwater Risk Matrix'!$C$31,Worksheet!$Q31<='Seqwater Risk Matrix'!$E$32),Dashboard!$B$5,Dashboard!$B$8)))) -> Information | S31: No Dial | T31: Investigate why pump overload tripped. Raise work order if required. | U31: - | V31: - | W31: 0 | X31: 0 | Y31: - | Z31: 0s | AA31: -
A32: 0 | B32: B-DWG-XXX-XXXX | C32: XXX-M-2PMP031 | D32: XXX_2PMP031_sCBOPEND | E32: Settled Water | F32: Kirkleagh Settled Water Pump 1 Circuit Breaker Open | G32: Switch over to pump 2 | H32: 0 | I32: 0 | J32: 1 | K32: 0 | L32: 1 | M32: 0 | N32: <5 minutes outside operator | O32: =MAX(H32:M32) -> 1 | P32: =IF(Table4[[#This Row],[Operator Response Time]]="Manual override HACCP","HACCP",VLOOKUP(O32,Instructions!$B$88:$C$93,2)) -> Insignificant | Q32: =IF($N32='Seqwater Risk Matrix'!$B$19,'Seqwater Risk Matrix'!$A$19,IF($N32='Seqwater Risk Matrix'!$B$20,'Seqwater Risk Matrix'!$A$20,IF($N32='Seqwater Risk Matrix'!$B$21,'Seqwater Risk Matrix'!$A$21,IF($N32='Seqwater Risk Matrix'!$B$22,'Seqwater Risk Matrix'!$A$22,IF($N32='Seqwater Risk Matrix'!$B$23,'Seqwater Risk Matrix'!$A$23,0)))))*Worksheet!$O32 -> 3 | R32: =IF(AND(Worksheet!$Q32<='Seqwater Risk Matrix'!$F$31,Worksheet!$Q32>'Seqwater Risk Matrix'!$E$32),Dashboard!$B$4,IF(AND(Worksheet!$Q32>='Seqwater Risk Matrix'!$B$35,Worksheet!$Q32<='Seqwater Risk Matrix'!$B$32),Dashboard!$B$7,IF(AND(Worksheet!$Q32>='Seqwater Risk Matrix'!$B$31,Worksheet!$Q32<='Seqwater Risk Matrix'!$D$33),Dashboard!$B$6,IF(AND(Worksheet!$Q32>='Seqwater Risk Matrix'!$C$31,Worksheet!$Q32<='Seqwater Risk Matrix'!$E$32),Dashboard!$B$5,Dashboard!$B$8)))) -> Information | S32: No Dial | T32: Investigate why pump circuit breaker open. Raise work order if required. | U32: - | V32: - | W32: 0 | X32: 0 | Y32: - | Z32: 0s | AA32: -
A33: 0 | B33: B-DWG-XXX-XXXX | C33: XXX-M-2PMP031 | D33: XXX_2PMP031_aESTOP | E33: Settled Water | F33: Kirkleagh Settled Water Pump 1 Emergency Stop | G33: Switch over to pump 2 | H33: 0 | I33: 0 | J33: 1 | K33: 0 | L33: 0 | M33: 0 | N33: <5 minutes outside operator | O33: =MAX(H33:M33) -> 1 | P33: =IF(Table4[[#This Row],[Operator Response Time]]="Manual override HACCP","HACCP",VLOOKUP(O33,Instructions!$B$88:$C$93,2)) -> Insignificant | Q33: =IF($N33='Seqwater Risk Matrix'!$B$19,'Seqwater Risk Matrix'!$A$19,IF($N33='Seqwater Risk Matrix'!$B$20,'Seqwater Risk Matrix'!$A$20,IF($N33='Seqwater Risk Matrix'!$B$21,'Seqwater Risk Matrix'!$A$21,IF($N33='Seqwater Risk Matrix'!$B$22,'Seqwater Risk Matrix'!$A$22,IF($N33='Seqwater Risk Matrix'!$B$23,'Seqwater Risk Matrix'!$A$23,0)))))*Worksheet!$O33 -> 3 | R33: =IF(AND(Worksheet!$Q33<='Seqwater Risk Matrix'!$F$31,Worksheet!$Q33>'Seqwater Risk Matrix'!$E$32),Dashboard!$B$4,IF(AND(Worksheet!$Q33>='Seqwater Risk Matrix'!$B$35,Worksheet!$Q33<='Seqwater Risk Matrix'!$B$32),Dashboard!$B$7,IF(AND(Worksheet!$Q33>='Seqwater Risk Matrix'!$B$31,Worksheet!$Q33<='Seqwater Risk Matrix'!$D$33),Dashboard!$B$6,IF(AND(Worksheet!$Q33>='Seqwater Risk Matrix'!$C$31,Worksheet!$Q33<='Seqwater Risk Matrix'!$E$32),Dashboard!$B$5,Dashboard!$B$8)))) -> Information | S33: No Dial | T33: Investigate why emergency stop was selected. | U33: - | V33: - | W33: 0 | X33: 0 | Y33: - | Z33: 0s | AA33: -
A34: 0 | B34: B-DWG-XXX-XXXX | C34: XXX-C-2UC031 | D34: XXX_2UC031_DUTY_aFault | E34: Settled Water | F34: Kirkleagh Settled Water Pumps Duty Controller Fault | G34: Settled water pumps shutdown | H34: 0 | I34: 0 | J34: 1 | K34: 0 | L34: 1 | M34: 0 | N34: Immediate outside operator | O34: =MAX(H34:M34) -> 1 | P34: =IF(Table4[[#This Row],[Operator Response Time]]="Manual override HACCP","HACCP",VLOOKUP(O34,Instructions!$B$88:$C$93,2)) -> Insignificant | Q34: =IF($N34='Seqwater Risk Matrix'!$B$19,'Seqwater Risk Matrix'!$A$19,IF($N34='Seqwater Risk Matrix'!$B$20,'Seqwater Risk Matrix'!$A$20,IF($N34='Seqwater Risk Matrix'!$B$21,'Seqwater Risk Matrix'!$A$21,IF($N34='Seqwater Risk Matrix'!$B$22,'Seqwater Risk Matrix'!$A$22,IF($N34='Seqwater Risk Matrix'!$B$23,'Seqwater Risk Matrix'!$A$23,0)))))*Worksheet!$O34 -> 5 | R34: =IF(AND(Worksheet!$Q34<='Seqwater Risk Matrix'!$F$31,Worksheet!$Q34>'Seqwater Risk Matrix'!$E$32),Dashboard!$B$4,IF(AND(Worksheet!$Q34>='Seqwater Risk Matrix'!$B$35,Worksheet!$Q34<='Seqwater Risk Matrix'!$B$32),Dashboard!$B$7,IF(AND(Worksheet!$Q34>='Seqwater Risk Matrix'!$B$31,Worksheet!$Q34<='Seqwater Risk Matrix'!$D$33),Dashboard!$B$6,IF(AND(Worksheet!$Q34>='Seqwater Risk Matrix'!$C$31,Worksheet!$Q34<='Seqwater Risk Matrix'!$E$32),Dashboard!$B$5,Dashboard!$B$8)))) -> Warning | S34: No Dial | T34: Raise a work order | U34: - | V34: - | W34: - | X34: - | Y34: - | Z34: - | AA34: - | AB34: Duty controller operation detailed in FDA
A35: 0 | B35: B-DWG-XXX-XXXX | C35: XXX-T-9UWR001 | D35: XXX_9UWR001_FLT_aALM | E35: Site Services | F35: Kirkleagh Pump Station Radio Communication Fault | G35: Loss of water supply | H35: 0 | I35: 0 | J35: 4 | K35: 3 | L35: 0 | M35: 0 | N35: Immediate outside operator | O35: =MAX(H35:M35) -> 4 | P35: =IF(Table4[[#This Row],[Operator Response Time]]="Manual override HACCP","HACCP",VLOOKUP(O35,Instructions!$B$88:$C$93,2)) -> Major | Q35: =IF($N35='Seqwater Risk Matrix'!$B$19,'Seqwater Risk Matrix'!$A$19,IF($N35='Seqwater Risk Matrix'!$B$20,'Seqwater Risk Matrix'!$A$20,IF($N35='Seqwater Risk Matrix'!$B$21,'Seqwater Risk Matrix'!$A$21,IF($N35='Seqwater Risk Matrix'!$B$22,'Seqwater Risk Matrix'!$A$22,IF($N35='Seqwater Risk Matrix'!$B$23,'Seqwater Risk Matrix'!$A$23,0)))))*Worksheet!$O35 -> 20 | R35: =IF(AND(Worksheet!$Q35<='Seqwater Risk Matrix'!$F$31,Worksheet!$Q35>'Seqwater Risk Matrix'!$E$32),Dashboard!$B$4,IF(AND(Worksheet!$Q35>='Seqwater Risk Matrix'!$B$35,Worksheet!$Q35<='Seqwater Risk Matrix'!$B$32),Dashboard!$B$7,IF(AND(Worksheet!$Q35>='Seqwater Risk Matrix'!$B$31,Worksheet!$Q35<='Seqwater Risk Matrix'!$D$33),Dashboard!$B$6,IF(AND(Worksheet!$Q35>='Seqwater Risk Matrix'!$C$31,Worksheet!$Q35<='Seqwater Risk Matrix'!$E$32),Dashboard!$B$5,Dashboard!$B$8)))) -> Critical | S35: Dial | T35: Raise a work order | U35: - | V35: - | W35: 0 | X35: 0 | Y35: - | Z35: 0 | AA35: -
O36: =MAX(H36:M36) -> 0 | P36: =IF(Table4[[#This Row],[Operator Response Time]]="Manual override HACCP","HACCP",VLOOKUP(O36,Instructions!$B$88:$C$93,2)) -> Event | Q36: =IF($N36='Seqwater Risk Matrix'!$B$19,'Seqwater Risk Matrix'!$A$19,IF($N36='Seqwater Risk Matrix'!$B$20,'Seqwater Risk Matrix'!$A$20,IF($N36='Seqwater Risk Matrix'!$B$21,'Seqwater Risk Matrix'!$A$21,IF($N36='Seqwater Risk Matrix'!$B$22,'Seqwater Risk Matrix'!$A$22,IF($N36='Seqwater Risk Matrix'!$B$23,'Seqwater Risk Matrix'!$A$23,0)))))*Worksheet!$O36 -> 0 | R36: =IF(AND(Worksheet!$Q36<='Seqwater Risk Matrix'!$F$31,Worksheet!$Q36>'Seqwater Risk Matrix'!$E$32),Dashboard!$B$4,IF(AND(Worksheet!$Q36>='Seqwater Risk Matrix'!$B$35,Worksheet!$Q36<='Seqwater Risk Matrix'!$B$32),Dashboard!$B$7,IF(AND(Worksheet!$Q36>='Seqwater Risk Matrix'!$B$31,Worksheet!$Q36<='Seqwater Risk Matrix'!$D$33),Dashboard!$B$6,IF(AND(Worksheet!$Q36>='Seqwater Risk Matrix'!$C$31,Worksheet!$Q36<='Seqwater Risk Matrix'!$E$32),Dashboard!$B$5,Dashboard!$B$8)))) -> Event
O37: =MAX(H37:M37) -> 0 | P37: =IF(Table4[[#This Row],[Operator Response Time]]="Manual override HACCP","HACCP",VLOOKUP(O37,Instructions!$B$88:$C$93,2)) -> Event | Q37: =IF($N37='Seqwater Risk Matrix'!$B$19,'Seqwater Risk Matrix'!$A$19,IF($N37='Seqwater Risk Matrix'!$B$20,'Seqwater Risk Matrix'!$A$20,IF($N37='Seqwater Risk Matrix'!$B$21,'Seqwater Risk Matrix'!$A$21,IF($N37='Seqwater Risk Matrix'!$B$22,'Seqwater Risk Matrix'!$A$22,IF($N37='Seqwater Risk Matrix'!$B$23,'Seqwater Risk Matrix'!$A$23,0)))))*Worksheet!$O37 -> 0 | R37: =IF(AND(Worksheet!$Q37<='Seqwater Risk Matrix'!$F$31,Worksheet!$Q37>'Seqwater Risk Matrix'!$E$32),Dashboard!$B$4,IF(AND(Worksheet!$Q37>='Seqwater Risk Matrix'!$B$35,Worksheet!$Q37<='Seqwater Risk Matrix'!$B$32),Dashboard!$B$7,IF(AND(Worksheet!$Q37>='Seqwater Risk Matrix'!$B$31,Worksheet!$Q37<='Seqwater Risk Matrix'!$D$33),Dashboard!$B$6,IF(AND(Worksheet!$Q37>='Seqwater Risk Matrix'!$C$31,Worksheet!$Q37<='Seqwater Risk Matrix'!$E$32),Dashboard!$B$5,Dashboard!$B$8)))) -> Event
O38: =MAX(H38:M38) -> 0 | P38: =IF(Table4[[#This Row],[Operator Response Time]]="Manual override HACCP","HACCP",VLOOKUP(O38,Instructions!$B$88:$C$93,2)) -> Event | Q38: =IF($N38='Seqwater Risk Matrix'!$B$19,'Seqwater Risk Matrix'!$A$19,IF($N38='Seqwater Risk Matrix'!$B$20,'Seqwater Risk Matrix'!$A$20,IF($N38='Seqwater Risk Matrix'!$B$21,'Seqwater Risk Matrix'!$A$21,IF($N38='Seqwater Risk Matrix'!$B$22,'Seqwater Risk Matrix'!$A$22,IF($N38='Seqwater Risk Matrix'!$B$23,'Seqwater Risk Matrix'!$A$23,0)))))*Worksheet!$O38 -> 0 | R38: =IF(AND(Worksheet!$Q38<='Seqwater Risk Matrix'!$F$31,Worksheet!$Q38>'Seqwater Risk Matrix'!$E$32),Dashboard!$B$4,IF(AND(Worksheet!$Q38>='Seqwater Risk Matrix'!$B$35,Worksheet!$Q38<='Seqwater Risk Matrix'!$B$32),Dashboard!$B$7,IF(AND(Worksheet!$Q38>='Seqwater Risk Matrix'!$B$31,Worksheet!$Q38<='Seqwater Risk Matrix'!$D$33),Dashboard!$B$6,IF(AND(Worksheet!$Q38>='Seqwater Risk Matrix'!$C$31,Worksheet!$Q38<='Seqwater Risk Matrix'!$E$32),Dashboard!$B$5,Dashboard!$B$8)))) -> Event

Sheet Dashboard
A1: Master Alarms Database Dashboard
B3: Priority | C3: Guideline Count | D3: Actual Count | E3: Guideline Percentage | F3: Actual Percentage
B4: Critical | C4: =ROUND($D$9*E4,0) -> 0 | D4: =COUNTIF(Worksheet!R4:R38, B4) -> 2 | E4: 0.01 | F4: =COUNTIF(Worksheet!R4:R38, B4)/$D$9 -> 0.071428571
B5: Action | C5: =ROUND($D$9*E5,0) -> 1 | D5: =COUNTIF(Worksheet!R4:R38, B5) -> 1 | E5: 0.05 | F5: =COUNTIF(Worksheet!R4:R38, B5)/$D$9 -> 0.035714286
B6: Warning | C6: =ROUND($D$9*E6,0) -> 4 | D6: =COUNTIF(Worksheet!R4:R38, B6) -> 3 | E6: 0.15 | F6: =COUNTIF(Worksheet!R4:R38, B6)/$D$9 -> 0.10714286
B7: Information | C7: =ROUND($D$9*E7,0) -> 22 | D7: =COUNTIF(Worksheet!R4:R38, B7) -> 22 | E7: 0.8 | F7: =COUNTIF(Worksheet!R5:R35, B7)/$D$9 -> 0.75
B8: Event | C8: No Limit | D8: =COUNTIF(Worksheet!R4:R38, B8) -> 7 | E8: No Limit | F8: No Limit
B9: Total Alarms | D9: =SUM(D4:D7) -> 28

Sheet Seqwater Risk Matrix
A2: Master Alarms Database Risk Matrix
A4: Consequences Table
A5: Seqwater Risk Matrix | B5: Hazard Effect / Consequence
B6: (Where an event has more than one ‘Loss Type’, choose the ‘Consequence’ with the highest rating)
A7: IMPACT TYPE | B7: INSIGNIFICANT (1) | C7: MINOR (2) | D7: MODERATE (3) | E7: MAJOR (4) | F7: CRITICAL (5)
A9: HEALTH, SAFETY AND WELLBEING | B9: Work Health & Safety - Symptoms requiring first aid treatment only. - No medical treatment required. Public Safety - Injuries to one or more members of the public ranging from minor to fatal and where Seqwater has not breached its duty of care. | C9: Work Health & Safety - Minor temporary injury or illness requiring ≤1 week away from work, medical treatment, or restrictions to work duties. Public Safety - Minor injury to one or more members of the public requiring limited medical treatment but no hospitalisation, arising from a breach of Seqwater’s duty of care | D9: Work Health & Safety - Moderate injury or temporary impairment requiring >1 week away from work. Public Safety - Moderate injury to one or more members of the public requiring medical treatment and may need hospitalisation, arising from a breach of Seqwater’s duty of care. | E9: Work Health & Safety - Serious injury or illness requiring immediate treatment as an in-patient in a hospital. - Permanent impairment with minor or no functional restrictions. - Multiple Minor or Moderate injuries arising from a single event Public Safety - Serious injury to one or more members of the public requiring immediate treatment as an inpatient in a hospital but unlikely to cause long-term harm, arising from a breach of Seqwater’s duty of care. | F9: Work Health & Safety - Permanent impairment with significant functional restriction. - Fatality. Public Safety - Severe injury or fatality of one or more members of the public arising from a breach of Seqwater’s duty of care.
A10: ENVIRONMENT | B10: Negligible, temporary, or localised environmental nuisance or impact; remediation managed as part of business-as-usual. | C10: Localised, short-term negative environmental impact; requires limited resources for remediation and/or recovery <1 week | D10: Short-term negative environmental impact; requires dedicated resources for remediation and recovery <6 months and/or a requirement to notify event to a regulator. | E10: Long-term, material environmental harm (not trivial or negligible); incurs substantial remediation costs and resources above threshold amount, with recovery taking 6 months to 2 years | F10: Irreversible or widespread, long-term, serious environmental harm; incurs extensive remediation costs and resources above threshold amount, with recovery taking >2 years or impact may not be fully reversible.
A11: WATER SECURITY, SUPPLY AND QUALITY | B11: Water Security - Total Source Water Grid Storage level is >70%. Water Supply - No loss of supply from any bulk water supply point. Water Quality - Little or no disruptions to normal operations | C11: Water Security - Total Source Water Grid Storage level reaches 70%. Water Supply - Seqwater caused loss of supply from any bulk water supply point to 1 hour. Water Quality - Isolated sample reports above guideline value or specification for chronic health parameters or contract values relating to water quality; or - Isolated exceedance of ADWG aesthetic parameters or BWSA Schedule 3 values. | D11: Water Security - Total Source Water Grid Storage level reaches 60%. Water Supply - Seqwater caused unplanned loss of supply from any bulk water supply point >1 to 5 hours. Water Quality - Repeated breach of guideline value or specification for chronic health parameters or contract values relating to water quality; - Minor short-term exceedance of microbial Health Based Target; - Multiple exceedances of ADWG aesthetic parameters that is not noticeable to most consumers; or - Prolonged exceedance of BWSA Schedule 3 values. | E11: Water Security - Total Source Water Grid Storage level reaches 50%. Water Supply - Seqwater caused unplanned loss of supply from any bulk water supply point up to >5 to 24 hours. Water Quality - Water supply contamination that does not result in a detectible public health impact; or - Widespread or prolonged aesthetic impact to water quality that is noticeable to most consumers. | F11: Water Security - Total Source Water Grid Storage level reaches 40%. Water Supply - Seqwater caused unplanned loss of supply from any bulk water supply point lasting >24 hours. Water Quality - Water supply contamination resulting in a detectible public health impact; or - Any condition requiring a health advisory to be issued.
A12: TECHNOLOGY, INFORMATION, SECURITY AND MANAGEMENT Impacts relating to outages, failures, service degradation, corruption and/or access to IT and OT system/s, information, hardware and/or network/s. | B12: Technology issue with negligible impact on normal business operations. | C12: Loss of a Major system for >4 hours. | D12: - Loss of a Critical system for >6 hours, or a Major system for >24 hours - Permanent loss of data requiring recovery efforts for a period of <3 days. | E12: - Loss of a Critical system for >24 hours, or a Major system for >3 days. - Permanent loss of data requiring business-wide recovery efforts for a period of >3 days | F12: - Loss of a Critical system for >3 days, or a Major system for >1 week. - Loss of multiple Critical systems, or widespread loss of Major systems for >24 hours. - Permanent loss of data requiring significant business-wide recovery efforts for a period of >1 week.
A13: FINANCIAL Note: for Group- or Team specific risk assessments, use their respective budgets | B13: - Net adverse impact of <5% against Seqwater’s approved forecast Operational or Capital expenditure budgets. - Unplanned cost/debt/damages/fine of <$5Mp.a. - Combined financial impact of <$1M p.a. from widespread asset damage/service interruption. | C13: - Net adverse impact of 5-10% against Seqwater's approved forecast Operational or Capital expenditure budgets. - Unplanned cost/debt/damages/fine of >$5-10Mp.a. - Combined financial impact of >$1-5M p.a. from widespread asset damage/service interruption. | D13: - Net adverse impact of >10-15% against Seqwater's approved forecast Operational or Capital expenditure budgets. - Unplanned cost/debt/damages/fine of >$10-50Mp.a. - Combined financial impact of >$5-10M p.a. from widespread asset damage/service interruption. | E13: - Net adverse impact of >15-20% against Seqwater’s approved forecast operational or capital expenditure budgets (subject to Board approved exceptions). - Unplanned cost/debt/damages/fine of >$50-100Mp.a. - Combined financial impact of >$10-50M p.a. from widespread asset damage/service interruption. | F13: - Net adverse impact of >20% against Seqwater’s approved forecast operational or capital expenditure budgets (subject to Board approved exceptions). - Unplanned cost/debt/damages/fine of >$100Mp.a. - Combined financial impact of >$50M p.a. from widespread asset damage/service interruption
A14: LEGAL & COMPLIANCE Impacts related to action for breach of obligation (regulation, legal or contractual obligation) | B14: - Minor breaches of legislation, regulation, agreements, licenses, or permits. - No regulatory involvement expected. - Action that is handled through routine processes without any noticeable impact on daily activities. | C14: Breach of legislation, regulation, agreements, licenses, or permits resulting in one or more of: - Informal notification / query from government, responsible regulator, or an agreement counterparty. - Action that is handled through routine processes but may require minor adjustments or allocation of resources within an individual team. - Warning given. | D14: Breach of legislation, regulation, agreements, licenses or permits resulting in one or more of: - Requirement to notify externally. - Action resulting in specific management attention and coordination across business groups, resource allocation within an individual business group, or minor delays to routine activities. - Notice of contravention. | E14: Breach of legislation, regulation, agreements or licenses and permits resulting in one or more of: - Regulator or court-issued Enforceable Undertaking. - Action resulting in coordinated senior management effort and substantial stakeholder involvement, significant resource reallocation across business groups, or a noticeable impact on productivity. - Suspension of an agreement, license or permit causing an impact to continuing operations. | F14: Multiple or substantive breaches of legislation, regulation, agreements, licenses and permits resulting in one or more of: - Prosecution with a potential period of incarceration. - Action resulting in comprehensive ELT and Board intervention, significant or long-term resource allocation across most business groups, or disruptions to critical operations. - loss of an agreement, license or permit causing or requiring operations to cease. - public inquiry.
A17: Response Time Table
A18: RESPONSE TIME INDEX NO. | B18: RESPONSE TIME | C18: DEFINITION
A19: 5 | B19: Immediate outside operator | C19: Select this field if an immediate action is required by personnel outside of the Operations team (e.g. Electrical).
A20: 4 | B20: Immediate control room operator | C20: Select this field if an immediate action is required by personnel within the Operations team.
A21: 3 | B21: <5 minutes outside operator | C21: Select this field if a <5 minute action is required by personnel outside of the Operations team (e.g. Electrical).
A22: 2 | B22: <5 minutes control room operator | C22: Select this field if a <5 minute action is required by personnel within the Operations team.
A23: 1 | B23: >5 minutes | C23: Select this field if a less urgent (>5 minutes) action is required by personnel within or outside of the Operations team.
A24: 0 | B24: No response required | C24: Select this field if no response is required.
A25: N/A | B25: Manual override HACCP | C25: Select this field for all HACCPs. HACCP critical should be manually overwritten with a priority 1, and HACCP action should be manually overwritten with a priority 2 as per I-SPE-STD-006.
A27: Risk Scoring Table
A28: RESPONSE TIME INDEX NO. | B28: CONSEQUENCE INDEX NO.
B29: INSIGNIFICANT | C29: MINOR | D29: MODERATE | E29: MAJOR | F29: CRITICAL
B30: 1 | C30: 2 | D30: 3 | E30: 4 | F30: 5
A31: 5 | B31: =$A31*B$30 -> 5 | C31: =$A31*C$30 -> 10 | D31: =$A31*D$30 -> 15 | E31: =$A31*E$30 -> 20 | F31: =$A31*F$30 -> 25
A32: 4 | B32: =$A32*B$30 -> 4 | C32: =$A32*C$30 -> 8 | D32: =$A32*D$30 -> 12 | E32: =$A32*E$30 -> 16 | F32: =$A32*F$30 -> 20
A33: 3 | B33: =$A33*B$30 -> 3 | C33: =$A33*C$30 -> 6 | D33: =$A33*D$30 -> 9 | E33: =$A33*E$30 -> 12 | F33: =$A33*F$30 -> 15
A34: 2 | B34: =$A34*B$30 -> 2 | C34: =$A34*C$30 -> 4 | D34: =$A34*D$30 -> 6 | E34: =$A34*E$30 -> 8 | F34: =$A34*F$30 -> 10
A35: 1 | B35: =$A35*B$30 -> 1 | C35: =$A35*C$30 -> 2 | D35: =$A35*D$30 -> 3 | E35: =$A35*E$30 -> 4 | F35: =$A35*F$30 -> 5
A36: 0 | B36: =$A36*B$30 -> 0 | C36: =$A36*C$30 -> 0 | D36: =$A36*D$30 -> 0 | E36: =$A36*E$30 -> 0 | F36: =$A36*F$30 -> 0
